TOP OF THE 1ST |
Batavia Muckdogs batting - Pitching for Tri-City Dust Devils : RHP Cal Abbott
|
Pitching: RHP Cal Abbott
|
|
Batting: RHB Andy Kelly
|
0-0: Called Strike 0-1: Ball 1-1: Ground out 5-3 (Groundball, 5L, EV 83.8 MPH)
|
Batting: RHB Jeremy Dennis
|
0-0: Called Strike 0-1: Ball 1-1: Swinging Strike 1-2: Foul Ball, location: 2F 1-2: Ball 2-2: Fly out, F9 (Flyball, 9, EV 82.5 MPH)
|
Batting: RHB Reomel Somera
|
0-0: Foul Ball, location: 2F 0-1: Ball 1-1: Ground out 6-3 (Groundball, 56, EV 90.0 MPH)
|
Top of the 1st over - 0 runs, 0 hits, 0 errors, 0 left on base; Batavia 0 - Tri-City 0 |
BOTTOM OF THE 1ST |
Tri-City Dust Devils batting - Pitching for Batavia Muckdogs : RHP Jesus Gomez
|
Pitching: RHP Jesus Gomez
|
|
Batting: LHB Ramon Vega
|
0-0: Ball 1-0: Foul Ball, location: 2F 1-1: Swinging Strike 1-2: Ground out 4-3 (Groundball, 4D, EV 103.8 MPH)
|
Batting: LHB Phil Lerner
|
0-0: Swinging Strike 0-1: Swinging Strike 0-2: Ball 1-2: Ball 2-2: Ground out 5-3 (Groundball, 5, EV 83.1 MPH)
|
Batting: LHB Chad Cutler
|
0-0: Foul Ball, location: 2F 0-1: Called Strike 0-2: Strikes out looking
|
Bottom of the 1st over - 0 runs, 0 hits, 0 errors, 0 left on base; Batavia 0 - Tri-City 0 |
TOP OF THE 2ND |
Batavia Muckdogs batting - Pitching for Tri-City Dust Devils : RHP Cal Abbott
|
Batting: RHB Justin Dunham
|
0-0: DOUBLE (Groundball, 5L, EV 105.0 MPH)
|
Batting: SHB Greg Rivera
|
0-0: Ball 1-0: Ball 2-0: Called Strike 2-1: Fly out, F7 (Line Drive, 78S, EV 90.6 MPH)
|
Batting: RHB George Boivin
|
0-0: Ball 1-0: Ball 2-0: Called Strike 2-1: Called Strike 2-2: Strikes out swinging
|
Batting: LHB Danny Treto
|
0-0: Ball 1-0: 2-RUN HOME RUN (Flyball, 89XD, EV 100.0 MPH), Distance : 393 ft
|
Batting: RHB Jason Thrash
|
0-0: Foul Ball, location: 2F 0-1: Ground out 5-3 (Groundball, 5, EV 85.6 MPH)
|
Top of the 2nd over - 2 runs, 2 hits, 0 errors, 0 left on base; Batavia 2 - Tri-City 0 |
BOTTOM OF THE 2ND |
Tri-City Dust Devils batting - Pitching for Batavia Muckdogs : RHP Jesus Gomez
|
Batting: SHB Isaiah Scates
|
0-0: Ball 1-0: Ball 2-0: Ball 3-0: Called Strike 3-1: Called Strike 3-2: Strikes out swinging
|
Batting: RHB Edgardo Rivera
|
0-0: Called Strike 0-1: Called Strike 0-2: Strikes out swinging
|
Batting: RHB Hector Fernandez
|
0-0: Ball 1-0: SINGLE (Line Drive, 8LS, EV 107.5 MPH)
|
Batting: RHB Mike MacLeod
|
0-0: Ball 1-0: Ball 2-0: Foul Ball, location: 2F 2-1: Ball 3-1: Swinging Strike 3-2: Strikes out swinging
|
Bottom of the 2nd over - 0 runs, 1 hit, 0 errors, 1 left on base; Batavia 2 - Tri-City 0 |
TOP OF THE 3RD |
Batavia Muckdogs batting - Pitching for Tri-City Dust Devils : RHP Cal Abbott
|
Batting: RHB Calvin Morin
|
0-0: SINGLE (Groundball, 4S, EV 70.6 MPH) (infield hit)
|
Batting: RHB Andy Kelly
|
0-0: Called Strike Calvin Morin steals 2nd base 0-1: Swinging Strike 0-2: Foul Ball, location: 2F 0-2: Strikes out looking
|
Batting: RHB Jeremy Dennis
|
0-0: Called Strike 0-1: Fly out, F7 (Flyball, 7, EV 77.5 MPH)
|
Batting: RHB Reomel Somera
|
0-0: Called Strike 0-1: Foul Ball, location: 2F 0-2: Ball 1-2: Strikes out swinging
|
Top of the 3rd over - 0 runs, 1 hit, 0 errors, 1 left on base; Batavia 2 - Tri-City 0 |
BOTTOM OF THE 3RD |
Tri-City Dust Devils batting - Pitching for Batavia Muckdogs : RHP Jesus Gomez
|
Batting: RHB Max Stillo
|
0-0: Swinging Strike 0-1: Ball 1-1: Foul Ball, location: 2F 1-2: Strikes out looking
|
Batting: RHB Oren Jones
|
0-0: Ball 1-0: Ball 2-0: Ball 3-0: Called Strike 3-1: Called Strike 3-2: Ground out 5-3 (Groundball, 5L, EV 105.0 MPH)
|
Batting: LHB Ramon Vega
|
0-0: Foul Ball, location: 2F 0-1: Ball 1-1: Swinging Strike 1-2: Strikes out looking
|
Bottom of the 3rd over - 0 runs, 0 hits, 0 errors, 0 left on base; Batavia 2 - Tri-City 0 |
TOP OF THE 4TH |
Batavia Muckdogs batting - Pitching for Tri-City Dust Devils : RHP Cal Abbott
|
Batting: RHB Justin Dunham
|
0-0: Foul Ball, location: 2F 0-1: SINGLE (Groundball, 6S, EV 75.6 MPH) (infield hit)
|
Batting: SHB Greg Rivera
|
0-0: Called Strike 0-1: Swinging Strike 0-2: Ball 1-2: Fly out, F4 (Flyball, 4MD, EV 83.8 MPH)
|
Batting: RHB George Boivin
|
0-0: Foul Ball, location: 2F 0-1: Ball 1-1: Foul Ball, location: 2F 1-2: Ball 2-2: Strikes out swinging
|
Batting: LHB Danny Treto
|
0-0: Called Strike 0-1: Ball 1-1: Ball 2-1: Called Strike 2-2: Ball 3-2: Foul Ball, location: 2F 3-2: Foul Ball, location: 2F 3-2: TRIPLE (Flyball, 9LD, EV 98.1 MPH) Justin Dunham scores
|
Batting: RHB Jason Thrash
|
0-0: Foul Ball, location: 2F 0-1: Ball 1-1: Foul Ball, location: 2F 1-2: Strikes out swinging
|
Top of the 4th over - 1 run, 2 hits, 0 errors, 1 left on base; Batavia 3 - Tri-City 0 |
BOTTOM OF THE 4TH |
Tri-City Dust Devils batting - Pitching for Batavia Muckdogs : RHP Jesus Gomez
|
Batting: LHB Phil Lerner
|
0-0: Ball 1-0: Ball 2-0: Foul Ball, location: 2F 2-1: Ball 3-1: Called Strike 3-2: Strikes out looking
|
Batting: LHB Chad Cutler
|
0-0: Ball 1-0: Ball 2-0: Ball 3-0: Called Strike 3-1: Base on Balls
|
Batting: SHB Isaiah Scates
|
0-0: Ball 1-0: Called Strike 1-1: Ball 2-1: Ball 3-1: Foul Ball, location: 2F 3-2: DOUBLE (Line Drive, 89D, EV 102.5 MPH) Chad Cutler to third
|
Batting: RHB Edgardo Rivera
|
0-0: Fly out, F6 (Popup, 6, EV 62.5 MPH)
|
Batting: RHB Hector Fernandez
|
0-0: Called Strike 0-1: Ball 1-1: Ball 2-1: Fly out, F7 (Flyball, 7LS, EV 86.9 MPH)
|
Bottom of the 4th over - 0 runs, 1 hit, 0 errors, 2 left on base; Batavia 3 - Tri-City 0 |
TOP OF THE 5TH |
Batavia Muckdogs batting - Pitching for Tri-City Dust Devils : RHP Cal Abbott
|
Batting: RHB Calvin Morin
|
0-0: Ball 1-0: Ball 2-0: Called Strike 2-1: Called Strike 2-2: Foul Ball, location: 2F 2-2: Ground out U3 (Groundball, 3, EV 105.0 MPH)
|
Batting: RHB Andy Kelly
|
0-0: Swinging Strike 0-1: Called Strike 0-2: Ground out 2-3 (Groundball, 15S, EV 76.2 MPH)
|
Batting: RHB Jeremy Dennis
|
0-0: Called Strike 0-1: Ball 1-1: Ball 2-1: Fly out, F5 (Line Drive, 5, EV 67.5 MPH)
|
Top of the 5th over - 0 runs, 0 hits, 0 errors, 0 left on base; Batavia 3 - Tri-City 0 |
BOTTOM OF THE 5TH |
Tri-City Dust Devils batting - Pitching for Batavia Muckdogs : RHP Jesus Gomez
|
Batting: RHB Mike MacLeod
|
0-0: Called Strike 0-1: Fly out, F8 (Line Drive, 8LD, EV 91.9 MPH)
|
Batting: RHB Max Stillo
|
0-0: Ball 1-0: SOLO HOME RUN (Flyball, 78XD, EV 103.8 MPH), Distance : 407 ft
|
Batting: RHB Oren Jones
|
0-0: Foul Ball, location: 2F 0-1: DOUBLE (Groundball, 5L, EV 103.1 MPH)
|
Batting: LHB Ramon Vega
|
0-0: Foul Ball, location: 2F 0-1: Ball 1-1: Ball 2-1: Swinging Strike 2-2: Strikes out swinging
|
Batting: LHB Phil Lerner
|
0-0: Ball 1-0: Ball 2-0: Called Strike 2-1: Ball 3-1: Called Strike 3-2: Ground out 5-3 (Groundball, 15, EV 83.1 MPH)
|
Bottom of the 5th over - 1 run, 2 hits, 0 errors, 1 left on base; Batavia 3 - Tri-City 1 |
TOP OF THE 6TH |
Batavia Muckdogs batting - Pitching for Tri-City Dust Devils : RHP Cal Abbott
|
Pitching: RHP Gilberto Ricalde
|
|
Batting: RHB Reomel Somera
|
0-0: Ball 1-0: Ball 2-0: Foul Ball, location: 2F 2-1: Foul Ball, location: 2F 2-2: Foul Ball, location: 2F 2-2: Ball 3-2: Strikes out swinging
|
Batting: RHB Justin Dunham
|
0-0: Ball 1-0: Ball 2-0: Swinging Strike 2-1: Fly out, F9 (Flyball, 9D, EV 87.5 MPH)
|
Batting: SHB Greg Rivera
|
0-0: Called Strike 0-1: Swinging Strike 0-2: Strikes out swinging
|
Top of the 6th over - 0 runs, 0 hits, 0 errors, 0 left on base; Batavia 3 - Tri-City 1 |
BOTTOM OF THE 6TH |
Tri-City Dust Devils batting - Pitching for Batavia Muckdogs : RHP Jesus Gomez
|
Batting: LHB Chad Cutler
|
0-0: Ball 1-0: Ball 2-0: Ball 3-0: Called Strike 3-1: Called Strike 3-2: Base on Balls
|
Batting: SHB Isaiah Scates
|
0-0: Foul Ball, location: 2F 0-1: Ball 1-1: Ball 2-1: Ball 3-1: Base on Balls Chad Cutler to second
|
Batting: RHB Edgardo Rivera
|
0-0: Ball 1-0: Called Strike 1-1: Called Strike 1-2: Ball 2-2: Ball 3-2: Foul Ball, location: 2F 3-2: Strikes out looking
|
Pitching: RHP Tim Sherrill
|
|
Batting: RHB Hector Fernandez
|
0-0: Foul Ball, location: 2F 0-1: Called Strike 0-2: Ball 1-2: Strikes out swinging
|
Batting: RHB Mike MacLeod
|
0-0: Called Strike 0-1: Fly out, F9 (Flyball, 9, EV 84.4 MPH)
|
Bottom of the 6th over - 0 runs, 0 hits, 0 errors, 2 left on base; Batavia 3 - Tri-City 1 |
TOP OF THE 7TH |
Batavia Muckdogs batting - Pitching for Tri-City Dust Devils : RHP Gilberto Ricalde
|
Batting: RHB George Boivin
|
0-0: Ball 1-0: Called Strike 1-1: Ball 2-1: Called Strike 2-2: Strikes out swinging
|
Batting: LHB Danny Treto
|
0-0: Ball 1-0: Foul Ball, location: 2F 1-1: Ball 2-1: Foul Ball, location: 2F 2-2: Ball 3-2: SINGLE (Groundball, 4MD, EV 108.1 MPH)
|
Batting: RHB Jason Thrash
|
0-0: Foul Ball, location: 2F 0-1: Swinging Strike 0-2: Strikes out swinging
|
Batting: RHB Calvin Morin
|
0-0: Ball 1-0: Called Strike Danny Treto steals 2nd base 1-1: Ball 2-1: Foul Ball, location: 2F 2-2: Ball 3-2: Foul Ball, location: 2F 3-2: Foul Ball, location: 2F 3-2: Ground out 6-3 (Groundball, 6, EV 87.5 MPH)
|
Top of the 7th over - 0 runs, 1 hit, 0 errors, 1 left on base; Batavia 3 - Tri-City 1 |
BOTTOM OF THE 7TH |
Tri-City Dust Devils batting - Pitching for Batavia Muckdogs : RHP Tim Sherrill
|
Batting: RHB Max Stillo
|
0-0: Ball 1-0: Called Strike 1-1: Swinging Strike 1-2: Ball 2-2: Ball 3-2: Base on Balls
|
Batting: RHB Oren Jones
|
0-0: Ball 1-0: Ball 2-0: Ball 3-0: Base on Balls Max Stillo to second
|
Batting: LHB Ramon Vega
|
0-0: Sac Bunt to 15 - play at first, batter OUT! 1-3 Max Stillo to third Oren Jones to second
|
Batting: LHB Phil Lerner
|
0-0: Called Strike 0-1: SINGLE (Groundball, 56, EV 109.4 MPH) Max Stillo scores Oren Jones to third
|
Batting: LHB Chad Cutler
|
0-0: Ball 1-0: SINGLE (Groundball, 6MD, EV 100.0 MPH) Oren Jones scores Phil Lerner to second Runner from 2nd tries for 3rd, OUT! 8-5 Chad Cutler to second
|
Batting: SHB Isaiah Scates
|
0-0: Ball 1-0: Foul Ball, location: 2F 1-1: Foul Ball, location: 2F 1-2: Ball 2-2: Fly out, F4 (Line Drive, 4, EV 71.2 MPH)
|
Bottom of the 7th over - 2 runs, 2 hits, 0 errors, 1 left on base; Batavia 3 - Tri-City 3 |
TOP OF THE 8TH |
Batavia Muckdogs batting - Pitching for Tri-City Dust Devils : RHP Gilberto Ricalde
|
Pitching: RHP Hisatada Sekiguchi
|
|
Batting: RHB Andy Kelly
|
0-0: SINGLE (Groundball, 4M, EV 109.4 MPH)
|
Batting: RHB Jeremy Dennis
|
0-0: Sac Bunt to P - play at first, batter OUT! 1-3 Andy Kelly to second
|
Batting: RHB Reomel Somera
|
0-0: Called Strike 0-1: Ball 1-1: Ball 2-1: Called Strike 2-2: Strikes out swinging
|
Batting: RHB Justin Dunham
|
0-0: Ball 1-0: Ball 2-0: Ball 3-0: Called Strike 3-1: Ground out 6-3 (Groundball, 6, EV 83.8 MPH)
|
Top of the 8th over - 0 runs, 1 hit, 0 errors, 1 left on base; Batavia 3 - Tri-City 3 |
BOTTOM OF THE 8TH |
Tri-City Dust Devils batting - Pitching for Batavia Muckdogs : RHP Tim Sherrill
|
Pinch Hitting: SHB Yutaro Takahashi
|
0-0: Foul Ball, location: 2F 0-1: Ball 1-1: Foul Ball, location: 2F 1-2: Ball 2-2: Ball 3-2: Foul Ball, location: 2F 3-2: Ground out 1-3 (Groundball, 34S, EV 71.2 MPH)
|
Batting: RHB Hector Fernandez
|
0-0: Called Strike 0-1: Foul Ball, location: 2F 0-2: Strikes out swinging
|
Batting: RHB Mike MacLeod
|
0-0: Called Strike 0-1: Called Strike 0-2: Ball 1-2: Strikes out swinging
|
Bottom of the 8th over - 0 runs, 0 hits, 0 errors, 0 left on base; Batavia 3 - Tri-City 3 |
TOP OF THE 9TH |
Batavia Muckdogs batting - Pitching for Tri-City Dust Devils : RHP Hisatada Sekiguchi
|
Now at C: Frank Elizondo
|
|
Batting: SHB Greg Rivera
|
0-0: Ball 1-0: Ball 2-0: Foul Ball, location: 2F 2-1: Ground out 5-3 (Groundball, 56, EV 104.4 MPH)
|
Batting: RHB George Boivin
|
0-0: Called Strike 0-1: Ball 1-1: Foul Ball, location: 2F 1-2: Ball 2-2: Strikes out swinging
|
Batting: LHB Danny Treto
|
0-0: Fly out, F7 (Flyball, 7D, EV 100.6 MPH)
|
Top of the 9th over - 0 runs, 0 hits, 0 errors, 0 left on base; Batavia 3 - Tri-City 3 |
BOTTOM OF THE 9TH |
Tri-City Dust Devils batting - Pitching for Batavia Muckdogs : RHP Tim Sherrill
|
Batting: RHB Max Stillo
|
0-0: Called Strike 0-1: Ball 1-1: Foul Ball, location: 2F 1-2: Ground out 6-3 (Groundball, 6, EV 88.8 MPH)
|
Batting: RHB Oren Jones
|
0-0: Called Strike 0-1: Called Strike 0-2: Ball 1-2: Ball 2-2: Foul Ball, location: 2F 2-2: Ball 3-2: Ground out 6-3 (Groundball, 6, EV 91.2 MPH)
|
Batting: LHB Ramon Vega
|
0-0: Ball 1-0: Ball 2-0: Ball 3-0: Base on Balls
|
Pitching: LHP Will Sledge
|
|
Batting: LHB Phil Lerner
|
0-0: Called Strike Ramon Vega is caught stealing 2nd base 2-6
|
Bottom of the 9th over - 0 runs, 0 hits, 0 errors, 0 left on base; Batavia 3 - Tri-City 3 |
TOP OF THE 10TH |
Batavia Muckdogs batting - Pitching for Tri-City Dust Devils : RHP Hisatada Sekiguchi
|
Pinch Hitting: SHB Justin Corbett
|
0-0: Ball 1-0: Ball 2-0: Called Strike 2-1: Fly out, F7 (Flyball, 78D, EV 103.8 MPH)
|
Pitching: RHP Andres Burgos
|
|
Pinch Hitting: RHB Jim Fisher
|
0-0: Ball 1-0: Ball 2-0: Called Strike 2-1: Foul Ball, location: 2F 2-2: Strikes out swinging
|
Batting: RHB Andy Kelly
|
0-0: Called Strike 0-1: SINGLE (Flyball, 34D, EV 88.8 MPH)
|
Batting: RHB Jeremy Dennis
|
0-0: Ball 1-0: Foul Ball, location: 2F 1-1: Swinging Strike 1-2: Fly out, F7 (Flyball, 7LM, EV 78.8 MPH)
|
Top of the 10th over - 0 runs, 1 hit, 0 errors, 1 left on base; Batavia 3 - Tri-City 3 |
BOTTOM OF THE 10TH |
Tri-City Dust Devils batting - Pitching for Batavia Muckdogs : LHP Will Sledge
|
Now at 1B: Junro Kato
|
|
Now in LF: Justin Layton
|
|
Now in RF: George Boivin
|
|
Batting: LHB Phil Lerner
|
0-0: Foul Ball, location: 2F 0-1: Called Strike 0-2: Ball 1-2: Strikes out swinging
|
Pinch Hitting: RHB Phil McFadden
|
0-0: Foul Ball, location: 2F 0-1: Ball 1-1: Swinging Strike 1-2: Ball 2-2: Strikes out swinging
|
Batting: SHB Isaiah Scates
|
0-0: Ball 1-0: Foul Ball, location: 2F 1-1: Ball 2-1: Fly out, F9 (Line Drive, 9D, EV 93.8 MPH)
|
Bottom of the 10th over - 0 runs, 0 hits, 0 errors, 0 left on base; Batavia 3 - Tri-City 3 |
TOP OF THE 11TH |
Batavia Muckdogs batting - Pitching for Tri-City Dust Devils : RHP Andres Burgos
|
Now at C: Phil McFadden
|
|
Now in LF: Frank Elizondo
|
|
Batting: RHB Reomel Somera
|
0-0: Ball 1-0: Called Strike 1-1: Ball 2-1: Swinging Strike 2-2: Fly out, F8 (Line Drive, 8LD, EV 93.1 MPH)
|
Batting: RHB Justin Dunham
|
0-0: Ball 1-0: Foul Ball, location: 2F 1-1: Foul Ball, location: 2F 1-2: Ball 2-2: Ball 3-2: DOUBLE (Line Drive, 89D, EV 105.6 MPH)
|
Batting: SHB Greg Rivera
|
0-0: Ball 1-0: SINGLE (Line Drive, 7S, EV 100.6 MPH) Justin Dunham to third Runner from 3rd tries for Home, SAFE, throw by LF to home Greg Rivera to second
|
Batting: RHB George Boivin
|
0-0: Foul Ball, location: 2F 0-1: Foul Ball, location: 2F 0-2: Ball 1-2: Foul Ball, location: 2F 1-2: Ball 2-2: Fly out, F9 (Flyball, 9LM, EV 95.0 MPH)
|
Batting: LHB Danny Treto
|
0-0: Ball 1-0: Ground out 4-3 (Groundball, 4, EV 82.5 MPH)
|
Top of the 11th over - 1 run, 2 hits, 0 errors, 1 left on base; Batavia 4 - Tri-City 3 |
BOTTOM OF THE 11TH |
Tri-City Dust Devils batting - Pitching for Batavia Muckdogs : LHP Will Sledge
|
Batting: RHB Frank Elizondo
|
0-0: Ball 1-0: Ball 2-0: Ball 3-0: Base on Balls
|
Batting: RHB Hector Fernandez
|
0-0: Called Strike 0-1: Ball 1-1: Called Strike 1-2: Strikes out swinging
|
Batting: RHB Mike MacLeod
|
0-0: SINGLE (Groundball, 6MD, EV 98.8 MPH) Frank Elizondo to second
|
Pinch Runner at 2nd Eric McMillian:
|
|
Batting: RHB Max Stillo
|
0-0: Ball 1-0: Called Strike 1-1: Ball 2-1: Foul Ball, location: 2F 2-2: Strikes out swinging
|
Batting: RHB Oren Jones
|
0-0: Fielders Choice at 2nd, 6-4 (Groundball, 6, EV 92.5 MPH)
|
Bottom of the 11th over - 0 runs, 1 hit, 0 errors, 2 left on base; Batavia 4 - Tri-City 3 |
|